 Dungeon Crawl Stone Soup version 0.19-a0-1111-gcceb26a (webtiles) character file.

142 aronpayne the Skirmisher (level 5, -9/42 HPs)
             Began as a Human Wanderer on Aug 11, 2016.
             Killed by divine providence
             ... invoked by an orc priest
              (12 damage)
             ... on level 3 of the Dungeon.
             The game lasted 00:06:27 (2190 turns).

aronpayne the Skirmisher (Human Wanderer)           Turns: 2190, Time: 00:06:28

Health: -9/42      AC:  6    Str: 11    XL:     5   Next: 50%
Magic:  5/5        EV: 12    Int: 12    God:
Gold:   228        SH:  4    Dex: 15    Spells: 0 memorised, 4 levels left

rFire  . . .     SeeInvis .     v - +0 falchion
rCold  . . .     Gourm    .     g - +0 scale mail
rNeg   . . .     Faith    .     c - +0 buckler
rPois  .         Spirit   .     (no helmet)
rElec  .         Dismiss  .     (no cloak)
rCorr  +         Reflect  .     (no gloves)
SustAt .         Harm     .     (no boots)
MR     .....                    (no amulet)
Stlth  ..........               r - +3 ring of evasion
                                m - ring of resist corrosion

@:
A: no striking features
a: no special abilities


You were on level 3 of the Dungeon.
You were not hungry.

You visited 1 branch of the dungeon, and saw 3 of its levels.

You collected 228 gold pieces.

Inventory:

Hand Weapons
 a - a +2 short sword
 v - a +0 falchion (weapon)
Armour
 c - a +0 buckler (worn)
 g - a +0 scale mail (worn)
Jewellery
 m - a ring of resist corrosion (left hand)
 r - a +3 ring of evasion (right hand)
Scrolls
 d - a scroll of random uselessness {unknown}
 e - a scroll of blinking {unknown}
 h - 3 scrolls of identify {unknown}
 l - a scroll of recharging {unknown}
 n - a scroll of remove curse {unknown}
 p - a scroll of enchant armour {unknown}
 s - 2 scrolls of teleportation {unknown}
Potions
 b - a potion of curing
 i - a potion of cure mutation {unknown}
 j - a potion of experience {unknown}
 k - 2 potions of might {unknown}
 o - a potion of agility {unknown}
 t - a potion of beneficial mutation {unknown}
 u - a potion of invisibility {unknown}
Comestibles
 f - 3 bread rations


   Skills:
 * Level 3.9 Fighting
 - Level 1.6 Short Blades
 * Level 0.0(0.8) Long Blades
   Level 1.0 Bows
 + Level 2.0 Throwing
 + Level 2.5 Armour
 + Level 1.5 Dodging
 - Level 1.0 Stealth
 + Level 2.4 Shields


You had 4 spell levels left.
You didn't know any spells.

Dungeon Overview and Level Annotations

Branches:
Dungeon (3/15)

Altars:
Uskayaw
Beogh


Message History

The orc priest is lightly wounded.
The orc priest misses you. You block the orc priest's attack.
A bat comes into view.
You hit the orc priest.
The orc priest is lightly wounded.
The orc priest casts a cantrip, but nothing happens.
The orc priest hits you with a war axe.
* * * LOW HITPOINT WARNING * * *
You block the orc priest's attack.
Your scale mail prevents you from hitting the orc priest.
The orc priest is lightly wounded.
The orc priest calls down the wrath of Beogh upon you.
Pain shoots through your body!
* * * LOW HITPOINT WARNING * * *
The orc priest hits you with a flail.
* * * LOW HITPOINT WARNING * * *
The orc priest misses you.
The orc priest invokes the aid of Beogh against you.
Beogh smites you!
You die...

##._.###### #.......
#####....# #.......
#....###..(....
#..............
#..............
#......)#######
##............).
#####...........####
#.o@..#.####.##..#
#o#####.# #...#.# #b
#.# ###. .# #. #.#
#. .. #. .# ## ###
#. .# .. .#


You could see 2 orc priests.

Vanquished Creatures
  An orc priest (D:3)
  6 adders
  3 dart slugs
  6 orcs (D:3)
  3 giant cockroaches
  4 goblins
  6 hobgoblins
  2 jackals (D:2)
  A ball python (D:3)
  7 bats
  2 giant newts
  4 kobolds
  7 rats
52 creatures vanquished.

Vanquished Creatures (others)
  4 toadstools (D:1)
4 creatures vanquished.

Grand Total: 56 creatures vanquished

Notes
Turn   | Place    | Note
-------+----------+-------------------------------------------
     0 | D:1      | aronpayne the Human Wanderer began the quest for the Orb.
     0 | D:1      | aronpayne set off with: a +2 short sword, a potion of curing, a +0 buckler, a +0 robe, a bread ration
     0 | D:1      | Reached XP level 1. HP: 18/18 MP: 1/1
   149 | D:1      | Reached XP level 2. HP: 22/24 MP: 2/2
   707 | D:2      | Reached XP level 3. HP: 29/29 MP: 3/3
   722 | D:2      | Found a hide-covered altar of Uskayaw.
   778 | D:2      | Reached skill level 1 in Dodging
  1040 | D:2      | Reached XP level 4. HP: 32/35 MP: 4/4
  1731 | D:3      | Reached XP level 5. HP: 41/41 MP: 5/5
  1821 | D:3      | Found a roughly hewn altar of Beogh.
  2189 | D:3      | HP: 2/42 [orc priest/flail (1)]
  2190 | D:3      | Killed from afar by an orc priest

Vault maps used:
D:1:      ldierk_water_garden, minmay_tree_intersection
D:2:      lemuel_crystal_altar
D:3:      kennysheep_orc_chapel, uniq_robin, uniq_jessica

Skill      XL: |  1  2  3  4  5 |
---------------+----------------+-----
Dodging        | 1 |  1.5
Shields        | 2 |  2.4
Throwing       | 2 |  2.0
Fighting       | |  3.9
Short Blades   | |  1.6
Bows           | |  1.0
Armour         | |  2.5
Stealth        | |  1.0

Action                   |  1- 3 |  4- 6 || total
-------------------------+-------+-------++-------
Melee: Short sword       |    68 |    97 ||   165
       Falchion          |       |    14 ||    14
  Use: Potion            |       |     1 ||     1
 Stab: Sleeping          |     1 |       ||     1
  Eat: Chunk             |       |     4 ||     4
Armor: Robe              |    16 |       ||    16
       Scale mail        |     1 |    22 ||    23
Dodge: Dodged            |    29 |    44 ||    73
Block: Buckler           |    11 |    21 ||    32
